 Dungeon Crawl Stone Soup version 0.30.0-19-g36f170ea60 (webtiles) character file.

Game seed: 18122146458177458115

11108 monsoonserge the Cruncher (level 11, -9/100 HPs)
             Began as a Gargoyle Reaver on May 30, 2023.
             Was a High Priest of Okawaru.
             Mangled by Urug
             ... wielding a +4 eveningstar
              (24 damage)
             ... on level 11 of the Dungeon.
             The game lasted 00:50:33 (9079 turns).

monsoonserge the Cruncher (Gargoyle Reaver)         Turns: 9079, Time: 00:50:34

Health: -9/100     AC: 25    Str: 18    XL:     11   Next: 72%
Magic:  15/15      EV:  2    Int: 16    God:    Okawaru [*****.]
Gold:   196        SH:  0    Dex:  8    Spells: 12/15 levels left

rFire   . . .        D - +4 quarterstaff (chaos)
rCold   . . .        (shield currently unavailable)
rNeg    + . .        y - melded +4 chain mail
rPois   ∞            F - melded +0 helmet
rElec   .            b - melded +1 cloak {rPois}
rCorr   .            V - melded +2 pair of gloves
SInv    .            (boots currently unavailable)
Will    .....        Y - amulet of magic regeneration
Stlth   +++          T - +5 ring of evasion
HPRegen 0.36/turn    J - ring of the Hare {EV+10}
MPRegen 0.54/turn

%: no passive effects
@: tree-form, heroic, studying Armour
A: stationary, stasis, torment immunity, boosted hp, sickness immunity, AC +8,
negative energy resistance 1, (electricity resistance), torment resistance 1,
petrification resistance
a: Renounce Religion, Heroism, Finesse, Duel


You were on level 11 of the Dungeon.
You worshipped Okawaru.
Okawaru was extremely pleased with you.
You were a tree.
You visited 2 branches of the dungeon, and saw 12 of its levels.

You collected 499 gold pieces.
You spent 303 gold pieces at shops.

Inventory:

Hand Weapons
 h - a +4 trident
 D - a +4 quarterstaff of chaos (weapon)
 E - a +2 mace of freezing
Missiles
 q - 12 poisoned darts (quivered)
 B - 4 curare-tipped darts
 H - 4 boomerangs
 O - 2 silver boomerangs
Armour
 b - a +1 cloak of poison resistance (melded)
 y - a +4 chain mail (melded)
 F - a +0 helmet (melded)
 G - a +2 ring mail of cold resistance
 I - a +4 ring mail
 L - the +1 chain mail of Geenuhyu {Int+3}
   (You bought it in a shop on level 6 of the Dungeon)

   Int:       It affects your intelligence (+3).
 N - a scarf of shadows
 V - a +2 pair of gloves (melded)
 X - a scarf of harm
Magical Staves
 e - a staff of poison
Jewellery
 i - a ring of protection from cold
 J - the ring of the Hare (right branch) {EV+10}
   (You found it on level 5 of the Dungeon)

   [ring of evasion]

   EV:        It affects your evasion (+10).
 T - a +5 ring of evasion (left branch)
 Y - an amulet of magic regeneration (around neck)
 Z - a ring of protection from fire
Wands
 c - a wand of roots (11)
 g - a wand of polymorph (9)
 k - a wand of flame (76)
 P - a wand of paralysis (6)
 Q - a wand of quicksilver (4)
Scrolls
 a - 3 scrolls of fog
 d - a scroll of torment {unknown}
 n - 7 scrolls of enchant weapon
 o - 5 scrolls of teleportation
 s - 3 scrolls of enchant armour
 v - 3 scrolls of fear {unknown}
 w - 3 scrolls of amnesia
 x - a scroll of blinking {unknown}
 z - 4 scrolls of poison {unknown}
 K - a scroll of magic mapping {unknown}
 M - a scroll of immolation
 W - 3 scrolls of vulnerability {unknown}
Potions
 f - 4 potions of lignification
 j - 2 potions of brilliance
 l - 2 potions of attraction {unknown}
 m - a potion of invisibility {unknown}
 p - 7 potions of curing
 r - a potion of mutation {unknown}
 t - 3 potions of flight
 A - a potion of magic {unknown}
 C - 3 potions of heal wounds
 R - 2 potions of haste {unknown}
 S - a potion of ambrosia {unknown}
 U - a potion of cancellation {unknown}


   Skills:
 + Level 7.3(12.3) Fighting
 - Level 3.6(12.5) Maces & Flails
 - Level 4.2(12.4) Polearms
 - Level 10.3(16.0) Staves
 + Level 1.8(6.8) Throwing
 * Level 9.9(14.9) Armour
 + Level 5.5(10.5) Dodging
 - Level 2.0(7.0) Stealth
 * Level 2.7 Spellcasting
 * Level 6.4 Conjurations
 * Level 1.9 Necromancy
 * Level 2.8 Translocations
 * Level 4.3 Invocations
 + Level 0.4 Evocations


You had 12 spell levels left.
You knew the following spells:

 Your Spells              Type           Power      Damage    Failure   Level
a - Kiss of Death         Conj/Necr      60%        2d10      3%          1
b - Momentum Strike       Conj/Tloc      32%        3d8       4%          2

Your spell library contained the following spells:

 Spells                   Type           Power      Damage    Failure   Level
 Shock                    Conj/Air       48%        1d6       5%          1
 Hailstorm                Conj/Ice       12%        3d5       16%         3
 Swiftness                Air            2%         N/A       50%         3
 Airstrike                Air            1%         2d(1-17)  88%         4


Dungeon Overview and Level Annotations

Branches:
Dungeon (11/15)            Temple (1/1) D:5
   Lair: D:8-11         Orc: D:9-12

Altars:
Ashenzari
Cheibriados
Dithmenos
Elyvilon
Fedhas
Gozag
Hepliaklqana
Kikubaaqudgha
Makhleb
Nemelex Xobeh
Okawaru
Qazlal
Ru
Sif Muna
Trog
Uskayaw
Vehumet
Wu Jian
Xom
Yredelemnul
Zin
The Shining One

Shops:
D:4 ?   D:6 [   D:8 !(:

Annotations:
D:1 Dig
D:4 Pikel
D:11 Urug


Innate Abilities, Weirdness & Mutations

You are a tree.
Your roots penetrate the ground, keeping you stationary.
You cannot be teleported.
You are immune to unholy pain and torment.
Your maximum health is greatly increased.
Your equipment is partially melded.
You are immune to sickness and miasma.
((Your stone body is resilient. (AC +8)))
You are immune to poison.
You resist negative energy. (rN+)
((You are resistant to electric shocks. (rElec)))
You are resistant to unholy torment.
You are immune to petrification.


Message History

Urug is lightly wounded.
The yak completely misses you. Urug misses you.
You closely miss Urug.
Urug is lightly wounded.
The yak closely misses you. Urug hits you with a +4 eveningstar!
You hit Urug.
Urug seems to grow stronger.
Urug is lightly wounded.
You closely miss Urug.
Urug is lightly wounded.
The yak gores you but does no damage. Urug closely misses you.
You completely miss Urug.
Urug is lightly wounded.
Urug hits you with a +4 eveningstar!! The yak gores you but does no damage.
You gain the combat prowess of a mighty hero.
The yak completely misses you. Urug hits you but does no damage.
Okay, then.
Okay, then.
Casting: Kiss of Death (safe; 17% risk of failure)
Confirm with . or Enter, or press ? or * to list all spells.
Okay, then.
Okay, then.
Really quaff the potion of lignification?
You turn into a tree.
Your +1 cloak of poison resistance melds into your body.
Your +0 helmet melds into your body.
Your +2 pair of gloves melds into your body.
Your +4 chain mail melds into your body.
Your roots penetrate the ground.
Urug hits you with a +4 eveningstar!!
* * * LOW HITPOINT WARNING * * *
The yak gores you but does no damage.
You hit Urug.
Urug appears confused.
Urug is moderately wounded.
You sock Urug! You burn Urug.
Urug is heavily wounded.
The yak gores you but does no damage. Urug hits you with a +4 eveningstar.
* * * LOW HITPOINT WARNING * * *
You sock Urug!
You feel better.
Urug is severely wounded.
The yak gores you but does no damage. Urug hits you with a +4 eveningstar!!
You die...

.########
.......♣#
......(oY....#
..........##.#
.##########


You could see Urug (strong, confused) and a yak.

Vanquished Creatures
  2 two-headed ogres
  An ugly thing (D:9)
  Maurice (D:9)
  The ghost of Mangosteen the Covered, a novice AtWr (D:5)
  5 centaur zombies (D:10)
  Maggie (D:10)
  2 unseen horror zombies (D:10)
  A queen bee (shapeshifter) (D:10)
  A hornet (D:9)
  3 wyverns
  6 humans (D:8)
  7 yaks
  2 steam dragons
  Menkaure (D:4)
  An acid dragon (D:9)
  Duvessa (D:5)
  A black bear (D:6)
  An orc warrior (D:5)
  A sky beast (D:7)
  3 ogres
  6 centaurs
  A phantom (D:5)
  2 lemures
  2 kobold brigands (D:10)
  5 bullfrogs
  3 scorpions
  5 wights (D:9)
  Dowan (D:5)
  6 killer bees
  3 howler monkeys
  6 electric eels (D:9)
  2 hounds
  3 orc priests
  A jelly (D:5)
  2 sleepcaps (D:5)
  Crazy Yiuf (D:4)
  Jessica (D:3)
  4 iguanas
  8 orc wizards
  3 howler monkey zombies (D:10)
  4 gnolls (D:4)
  8 adders
  4 white imps
  An ufetubus (D:6)
  A worm (D:5)
  3 dart slugs
  21 orcs
  8 endoplasms
  2 giant cockroaches
  7 hobgoblins
  13 jackals
  17 kobolds
  10 quokkas
  8 ball pythons
  3 bats
  4 frilled lizards
  A goblin (D:2)
  2 rats
224 creatures vanquished.

Notes
Turn   | Place    | Note
-------+----------+-------------------------------------------
     0 | D:1      | monsoonserge the Gargoyle Reaver began the quest for the
                  | Orb.
     0 | D:1      | Reached XP level 1. HP: 12/12 MP: 3/3
   143 | D:1      | Reached XP level 2. HP: 18/18 MP: 5/5
   655 | D:2      | Reached XP level 3. HP: 22/22 MP: 6/6
   841 | D:2      | Reached skill level 1 in Armour
   910 | D:2      | Found a faded altar of an unknown god.
   918 | D:2      | Got Plato's Handbook of Blasting
  1641 | D:2      | Reached skill level 1 in Necromancy
  1641 | D:2      | Reached XP level 4. HP: 4/20 MP: 4/7
  1785 | D:3      | Noticed Jessica
  1792 | D:3      | Killed Jessica
  1944 | D:3      | Reached XP level 5. HP: 29/29 MP: 8/8
  2487 | D:3      | Reached skill level 1 in Polearms
  2609 | D:4      | Reached XP level 6. HP: 28/31 MP: 6/9
  3079 | D:4      | Found Lialepy's Magic Scroll Boutique.
  3081 | D:4      | Noticed Menkaure
  3091 | D:4      | Killed Menkaure
  3092 | D:4      | Reached XP level 7. HP: 41/41 MP: 10/10
  3103 | D:4      | HP: 2/41 [gnoll/+0 flail (10)]
  3106 | D:4      | Reached skill level 5 in Armour
  3115 | D:5      | Entered Level 5 of the Dungeon
  3638 | D:4      | Bought a scroll of teleportation for 39 gold pieces
  3957 | D:4      | Noticed Pikel
  4231 | D:4      | Found a runed translucent door.
  4232 | D:4      | Noticed Crazy Yiuf
  4241 | D:4      | Killed Crazy Yiuf
  4295 | D:4      | Found a shimmering altar of Xom.
  4298 | D:4      | Found a hide-covered altar of Uskayaw.
  4303 | D:4      | Found a sparkling altar of Nemelex Xobeh.
  4304 | D:4      | Found a bloodstained altar of Trog.
  4308 | D:4      | Found a shimmering blue altar of Sif Muna.
  4544 | D:5      | Found a staircase to the Ecumenical Temple.
  4551 | Temple   | Entered the Ecumenical Temple
  4626 | Temple   | Became a worshipper of Warmaster Okawaru
  4669 | D:5      | Reached XP level 8. HP: 36/38 MP: 11/11
  4780 | D:5      | Reached skill level 1 in Staves
  4780 | D:5      | Reached skill level 1 in Throwing
  4931 | D:5      | Reached skill level 1 in Stealth
  4931 | D:5      | Noticed Duvessa
  4945 | D:5      | Noticed Dowan
  4954 | D:5      | Killed Duvessa
  4955 | D:5      | Reached skill level 2 in Staves
  4958 | D:5      | Killed Dowan
  4958 | D:5      | Reached * piety under Okawaru
  5246 | D:5      | Found a runed translucent gate.
  5246 | D:5      | Found a runed translucent gate.
  5246 | D:5      | Found a runed translucent gate.
  5246 | D:5      | Noticed Mangosteen's ghost (novice AtWr)
  5246 | D:5      | Found the ring of the Hare {EV+10}
  5318 | D:5      | Killed Mangosteen's ghost
  5319 | D:5      | Reached skill level 3 in Staves
  5319 | D:5      | Reached skill level 1 in Invocations
  5465 | D:6      | Found Mizoux's Antique Armour Shoppe.
  5482 | D:6      | Reached skill level 4 in Staves
  5482 | D:6      | Reached XP level 9. HP: 52/52 MP: 12/12
  5485 | D:6      | Learned a level 2 spell: Momentum Strike
  5506 | D:6      | Bought a faintly humming chain mail for 209 gold pieces
  5506 | D:6      | Identified the +1 chain mail of Geenuhyu {Int+3} (You
                  | bought it in a shop on level 6 of the Dungeon)
  5810 | D:6      | Reached skill level 5 in Fighting
  5810 | D:6      | Reached skill level 5 in Staves
  5969 | D:6      | Reached skill level 1 in Translocations
  6201 | D:7      | Reached ** piety under Okawaru
  6340 | D:8      | Noticed a two-headed ogre
  6360 | D:8      | Found Imyxiep's Weapon Emporium.
  6385 | D:7      | Killed a two-headed ogre
  6386 | D:7      | Reached skill level 6 in Staves
  6386 | D:7      | Reached skill level 5 in Conjurations
  6390 | D:7      | Reached XP level 10. HP: 54/59 MP: 11/13
  6394 | D:7      | Reached skill level 7 in Staves
  6556 | D:8      | Reached *** piety under Okawaru
  6702 | D:8      | Found Lyedet's Book Boutique.
  6787 | D:8      | Found Fixeank's Distillery.
  6795 | D:8      | Bought a potion of heal wounds for 55 gold pieces
  6841 | D:8      | Reached skill level 8 in Staves
  7227 | D:9      | Reached **** piety under Okawaru
  7270 | D:9      | Noticed Maurice
  7401 | D:9      | Killed Maurice
  7580 | D:9      | Noticed a two-headed ogre
  7596 | D:9      | Killed a two-headed ogre
  7596 | D:9      | Reached ***** piety under Okawaru
  7597 | D:9      | Reached skill level 9 in Staves
  7597 | D:9      | Reached skill level 5 in Dodging
  7597 | D:9      | Reached XP level 11. HP: 54/66 MP: 14/14
  7717 | D:9      | Noticed a purple ugly thing
  7732 | D:9      | Killed a purple ugly thing
  7732 | D:9      | Received a gift from Okawaru
  8235 | D:10     | Entered Level 10 of the Dungeon
  8497 | D:10     | Reached skill level 10 in Staves
  8557 | D:10     | Found a basalt altar of Yredelemnul.
  8770 | D:10     | Noticed Maggie
  8789 | D:10     | Killed Maggie
  8992 | D:11     | Noticed a two-headed ogre
  9029 | D:11     | Noticed Urug
  9079 | D:11     | Mangled by Urug

Illustrated notes

Levels and vault maps discovered:
D:1:      lightli_iron_boxes, layout_loops_ring, st_stairs_13,
          solitary_fountain, due_unseen_surprise
D:2:      layout_basic, shapermc_ecumenical_altar_rom_forum, minmay_domino_4
D:3:      layout_basic, minivault_26, st_stairs_9,
          minmay_misc_feat_secret_circle, nicolae_underground_beach,
          uniq_jessica
D:4:      layout_cave_pods, minitemple, serial_shops,
          nicolae_shop_tiny_waterfront, minmay_misc_feat_nine_boxes,
          uniq_menkaure, uniq_crazy_yiuf_cottage, uniq_pikel
D:5:      minmay_skewed_foursquare, layout_cave_pools, minmay_temple_entry_tees,
          ebering_ghost_rock_garden, uniq_duvessa
D:6:      layout_cave_pools, serial_shops, shop
D:7:      layout_rooms, ldierk_geyser
D:8:      layout_cave_pools, serial_shops, shop, shop, shop, minmay_ruffians
D:9:      cheibrodos_two_vegetables, layout_irregular_city, uniq_maurice
D:10:     layout_rooms, nicolae_yredelemnul_corpse_copse, uniq_maggie
D:11:     layout_basic, erik_lair_orcish_takeover, elyvilon_altar_5,
          uniq_josephine, uniq_fannar, uniq_urug
Temple:   nicolae_temple_x_marks_the_god

Skill      XL: |  1  2  3  4  5  6  7  8  9 10 11 |
---------------+----------------------------------+-----
Armour         | 2 3 4 6 8 9 |  9.9
Necromancy     | 1 |  1.9
Dodging        | 2 3 5 |  5.5
Polearms       | 1 3 4 |  4.2
Fighting       | 3 4 5 6 7 |  7.3
Conjurations   | 4 5 6 |  6.4
Staves         | 4 6 9 10 | 10.3
Throwing       | 1 |  1.8
Stealth        | 1 2 |  2.0
Invocations    | 2 3 4 |  4.3
Translocations | 2 |  2.8
Maces & Flails | |  3.6
Spellcasting   | |  2.7
Evocations     | |  0.4

Action                     |  1- 3 |  4- 6 |  7- 9 | 10-12 || total
---------------------------+-------+-------+-------+-------++-------
  Melee: Mace              |    96 |       |       |       ||    96
         Spear             |     9 |   135 |    84 |       ||   228
         Quarterstaff      |       |       |   187 |   477 ||   664
         Punch             |       |       |     1 |       ||     1
  Throw: Dart              |       |     2 |    14 |     3 ||    19
   Cast: Kiss of Death     |     3 |     2 |     6 |       ||    11
 Invoke: Heroism           |       |       |     1 |     1 ||     2
  Evoke: Wand              |       |     4 |       |       ||     4
    Use: Scroll            |       |       |     9 |     1 ||    10
         Potion            |       |       |     1 |     1 ||     2
   Stab: Paralysed         |       |       |     1 |       ||     1
         Petrifying        |       |       |       |     2 ||     2
         Petrified         |       |       |       |     5 ||     5
 Armour: Leather armour    |    58 |    29 |       |       ||    87
         Ring mail         |       |    34 |    99 |    54 ||   187
         Chain mail        |       |       |    18 |    72 ||    90
         Skin              |       |       |       |     3 ||     3
  Dodge: Dodged            |    69 |    97 |   235 |   503 ||   904
